AoeStats
← ANKR.Tank20089

Arabia

510250764Analyzed
1v1 RM · 12h ago on Sep 30, 2026· 50m 19s· 2 players
Game mode
Random Map
Map size
Tiny (2 player)
Population
200
Speed
Normal
Resources
Standard
Victory
Conquest
Starting age
Dark Age
Ending age
Imperial Age
RankedLock teamsTeams togetherTeam positionsShared explorationLock speedFull tech treeHidden civsTurbo modeCheats
Victory
Defeat
🇹🇼 Spanish · Taiwan
2167
+22
🇲🇽 Lithuanians · Mexico
2297
-22
ANKR.Tank20089
5:48 Loom
5:54 Loom
8:34 Feudal Age
9:24 Double-Bit Axe
12:07 Horse Collar
18:39 Castle Age
17:47 Gold Mining
18:12 Fletching
18:52 Bloodlines
19:24 Bodkin Arrow
19:51 Bow Saw
19:43 Heavy Plow
22:01 Wheelbarrow
23:58 Husbandry
25:28 Scale Barding Armor
27:12 Light Cavalry
30:54 Chain Barding Armor
31:08 Padded Archer Armor
33:50 Imperial Age
31:29 Town Watch
32:36 Ballistics
33:15 Leather Archer Armor
34:13 Forging
34:19 Hand Cart
34:36 Bracer
35:07 Thumb Ring
36:12 Ring Archer Armor
35:34 Elite Skirmisher
37:14 Supremacy
38:46 Chemistry
38:03 Stone Mining
39:56 Conscription
40:20 Heavy Mounted Crossbowman
42:52 Sappers
45:58 Two-Man Saw
48:02 Guard Tower
49:02 Stone Shaft Mining
49:03 Coinage
48:47 Guilds
49:48 Cavalier
50:49 Fortified Wall
50:35 Murder Holes
VENÓN | SiNisTeR
5:24 Loom
8:36 Feudal Age
9:22 Double-Bit Axe
10:25 Horse Collar
18:39 Castle Age
17:18 Gold Mining
18:06 Bloodlines
18:36 Forging
18:48 Fletching
19:38 Bow Saw
19:28 Bodkin Arrow
20:33 Padded Archer Armor
20:57 Elite Skirmisher
22:50 Wheelbarrow
24:01 Leather Archer Armor
24:50 Sanctity
26:09 Ballistics
27:41 Town Watch
28:55 Husbandry
31:15 Redemption
34:31 Imperial Age
31:51 Light Cavalry
33:09 Thumb Ring
34:21 Hand Cart
34:38 Heavy Plow
34:29 Stone Mining
35:22 Bracer
36:26 Chemistry
36:28 Heavy Cavalry Archer
37:52 Ring Archer Armor
39:33 Scale Barding Armor
40:00 Stone Mining
39:55 Winged Hussar
40:56 Chain Barding Armor
43:13 Plate Barding Armor
Connection lost

Rejoining the realm…

Still unreachable

The connection could not be restored.

Session expired

The server has moved on; the page needs a fresh start.